Match 41022274
Unlisted

Match 41022274
End
Selects Australian Defense Battlegroup
Selects Australian Light Infantry Section
Australian Light Infantry Section
Vickers Machine Gun Team
Australian Light Infantry Section
Australian Light Infantry Section
Construct Section Command Post
Construct Field Infirmary
Selects 2-pounder Anti-tank Gun Team
Construct Platoon Command Post
Humber Armored Car
2-pounder Anti-tank Gun Team
Royal Engineer Section
Humber Armored Car
Light Vehicle Training
Unlock Bishop Self-propelled Artillery
Selects CMP 15cwt Supply Run
Selects Reinforced Resource Caches
Bishop Self-propelled Artillery
Bishop Self-propelled Artillery
Vickers Machine Gun Team
Infantry Training
Selects Archer Tank Destroyer
Archer Tank Destroyer
Royal Engineer Section
Selects Vehicle Over Repair
Archer Tank Destroyer
Archer Tank Destroyer
Armored Vehicle Training
♥ ~Lady Rytsu~ ♥
PAX AJAX
banstyle
atank
0
0

Comments sign in to comment!

No comments posted yet!